 Dungeon Crawl Stone Soup version 0.26.0-10-g1f06aea511 (webtiles) character file.

Game seed: 16430532706700494450

84599 lessens the Covert (level 15, -7/120 HPs)
             Began as a Gnoll Delver on Jan 13, 2021.
             Was a High Priest of Okawaru.
             Mangled by Donald
             ... wielding a +0 scimitar
              (38 damage)
             ... on level 2 of the Orcish Mines on Jan 14, 2021.
             The game lasted 00:48:48 (31148 turns).

lessens the Covert (Gnoll Delver)                  Turns: 31148, Time: 00:48:49

Health: -7/120     AC: 23    Str: 21    XL:     15   Next: 81%
Magic:  29/29      EV: 17    Int: 12    God:    Okawaru [*****.]
Gold:   2712       SH:  0    Dex: 17    Spells: 34/34 levels left

rFire    + . .     SeeInvis .   V - +3 morningstar (protect)
rCold    + . .     Faith    .   (no shield)
rNeg     . . .     Spirit   .   h - +6 scale mail of the End {rF+ rCorr}
rPois    +         Reflect  .   d - +1 helmet
rElec    .         Harm     .   u - +2 cloak {Will+}
rCorr    +         Rampage  .   e - +0 pair of gloves
Will     ++...                  P - +0 pair of boots
Stlth    +++++.....             (no amulet)
HPRegen  0.30/turn              g - ring of protection from cold
MPRegen  0.21/turn              U - ring of Anarchy {+Fly rPois Stlth+}

@: lethally poisoned (-7 -> -8), about to teleport
A: distributed training, fangs 1, strong nose
a: Renounce Religion, Evoke Flight, Heroism, Finesse


You were on level 2 of the Orcish Mines.
You worshipped Okawaru.
Okawaru was extremely pleased with you.
You visited 3 branches of the dungeon, and saw 20 of its levels.
You also visited: Gauntlet.

You collected 2855 gold pieces.
You spent 143 gold pieces at shops.

Inventory:

Hand Weapons
 V - a +3 morningstar of protection (weapon)
Missiles
 i - 19 poisoned darts (quivered)
 n - 799 stones
 q - 8 silver boomerangs
 D - 33 boomerangs
 R - 25 javelins
Armour
 d - a +1 helmet (worn)
 e - a +0 pair of gloves (worn)
 h - the +6 scale mail of the End (worn) {rF+ rCorr}
   (You found it on level 8 of the Dungeon)

   It protects you from fire.
   It provides partial protection from all sources of acid and corrosion.
 l - a +3 ring mail
 u - a +2 cloak of willpower (worn)
 x - a +0 cloak
 J - a +1 robe of resistance
 P - a +0 pair of boots (worn)
 T - +2 acid dragon scales
Jewellery
 g - a ring of protection from cold (left hand)
 j - an uncursed ring of see invisible
 z - an uncursed ring of fire
 E - the ring of Xutempoa {*Contam rElec Int-2 Dex+8 SInv}
   (You took it off a minotaur in a Gauntlet)

   [ring of see invisible]

   It affects your intelligence (-2).
   It affects your dexterity (+8).
   It insulates you from electricity.
   It lets you see invisible.
   It causes magical contamination when unequipped.
 M - an uncursed ring of willpower
 U - the ring of Anarchy (right hand) {+Fly rPois Stlth+}
   (You found it in a Gauntlet)

   [ring of flight]

   It protects you from poison.
   It lets you fly.
   It makes you more stealthy.
Wands
 F - a wand of acid (4)
 H - a wand of iceblast (13)
 I - a wand of disintegration (12)
 O - a wand of flame (11)
Scrolls
 b - 2 scrolls of enchant weapon
 c - 5 scrolls of fog
 o - 6 scrolls of remove curse
 p - 14 scrolls of teleportation
 r - 5 scrolls of fear
 t - 6 scrolls of magic mapping
 w - 9 scrolls of identify
 y - 5 scrolls of enchant armour
 G - a scroll of brand weapon
Potions
 a - a potion of brilliance
 f - 3 potions of heal wounds
 k - a potion of magic
 s - 3 potions of ambrosia
 v - 7 potions of curing
 A - 2 potions of cancellation
 C - a potion of resistance
 K - a potion of haste
 L - 2 potions of flight
 N - 4 potions of lignification
 Q - a potion of attraction
 S - 6 potions of might
 X - a potion of mutation
 Z - a potion of berserk rage
Miscellaneous
 m - a phial of floods
 Y - a condenser vane


   Skills:
 + Level 12.0 Fighting
 + Level 10.3 Short Blades
 + Level 10.3 Long Blades
 + Level 10.3 Axes
 + Level 11.2 Maces & Flails
 + Level 10.3 Polearms
 + Level 10.3 Staves
 + Level 10.3 Slings
 + Level 10.3 Bows
 + Level 10.3 Crossbows
 + Level 10.3 Throwing
 + Level 10.3 Armour
 + Level 11.2 Dodging
 + Level 13.5 Stealth
 + Level 10.3 Shields
 + Level 10.3 Unarmed Combat
 + Level 10.3 Spellcasting
 + Level 8.7 Conjurations
 + Level 8.7 Hexes
 + Level 8.7 Summonings
 + Level 8.7 Necromancy
 + Level 8.7 Translocations
 + Level 8.7 Transmutations
 + Level 8.7 Fire Magic
 + Level 8.7 Ice Magic
 + Level 8.7 Air Magic
 + Level 8.7 Earth Magic
 + Level 8.7 Poison Magic
 + Level 11.1 Invocations
 + Level 10.3 Evocations


You had 34 spell levels left.
You didn't know any spells.
Your spell library contained the following spells:

 Spells                   Type           Power        Failure   Level
 Animate Skeleton         Necr           54%          1%          1
 Freeze                   Ice            100%         1%          1
 Magic Dart               Conj           100%         1%          1
 Pain                     Necr           100%         1%          1
 Sandblast                Erth           54%          1%          1
 Sting                    Tmut/Pois      100%         1%          1
 Searing Ray              Conj           54%          1%          2
 Dazzling Flash           Conj/Hex       54%          2%          3
 Frozen Ramparts          Ice            54%          2%          3
 Ozocubu's Armour         Ice            27%          2%          3
 Stone Arrow              Conj/Erth      54%          2%          3
 Vampiric Draining        Necr           13%          2%          3
 Animate Dead             Necr           13%          7%          4
 Fulminant Prism          Conj/Hex       13%          7%          4
 Hailstorm                Conj/Ice       27%          7%          4
 Iskenderun's Mystic Bla  Conj/Tloc      27%          7%          4
 Summon Ice Beast         Ice/Summ       27%          7%          4
 Agony                    Necr           27%          21%         5
 Eringya's Noxious Bog    Tmut/Pois      13%          73%         6
 Shatter                  Erth           13%          100%        9


Dungeon Overview and Level Annotations

Branches:
Dungeon (12/15)            Temple (0/1) D:7            Lair (6/6) D:10
 Shoals (0/4) Lair:2       Spider (0/4) Lair:2        Slime (0/5) Lair:5
    Orc (2/2) D:12            Elf (0/3) Orc:2       Gauntlet (visited)

Altars:
Dithmenos
Elyvilon
Fedhas
Gozag
Hepliaklqana
Kikubaaqudgha
Okawaru
Qazlal
Trog
Vehumet
Xom
Zin
Jiyva

Shops:
D:3 *   D:9 =   D:11 !   D:12 (

Annotations:
Lair:3 3 runed translucent doors, Ceyvaan's ghost, journeyman DEFE
Lair:6 exclusion: 3 oklob plants
Orc:2 Donald


Innate Abilities, Weirdness & Mutations

Your experience applies equally to all skills.
You have very sharp teeth.
Your uncanny sense of smell can sniff out nearby items.


Message History

Okay, then.
As you read the scroll of fear, it crumbles to dust.
You assume a fearsome visage.
Donald easily resists.
Donald closely misses you. Donald hits you with a +0 scimitar!
* * * LOW HITPOINT WARNING * * *
Press: ? - help, v - describe, . - travel
Here: Donald, wielding a +0 scimitar, wearing a +0 plate armour and wearing a +0 kite shield (lightly wounded, fast, strong)
The floor, spattered with blood.
Unknown command.
As you read the scroll of fear, it crumbles to dust.
You assume a fearsome visage.
Donald easily resists.
Donald hits you with a +0 scimitar!!
* * * LOW HITPOINT WARNING * * *
You feel much better.
Donald says, "How much finesse does it take to swing your arms real fast, anyway?"
Donald barely misses you.
As you read the scroll of teleportation, it crumbles to dust.
You feel strangely unstable.
You feel sick. Donald misses you. Donald hits you with a +0 scimitar!!!
You die...

##.##.#..## ...
######.......## .
##...###......#
#..........#..#
##........#.#.# ##
##.##...[[...# ##.##
##....[[)...# #...#
##......(@...# #...#
##.......@....#
###.####.......[..)..#
#.....#.#.......#)[..#
.........#......#)<).#
.................))).#
.....#.............[.#
.)..........(.....>..#
##
##...........#......[##
....
.#...)...............(##
....


You could see Donald (fast, strong).

Vanquished Creatures
  A storm dragon (D:12)
  A tengu reaver (D:10)
  A frost giant (D:10)
  A stone giant (D:10)
  A minotaur (Gauntlet)
  2 dire elephants (Lair:6)
  Azrael (Orc:1)
  A yaktaur captain (D:10)
  Fannar (D:10)
  11 hydras
  2 boulder beetles
  A merfolk avatar (Lair:6)
  Erica (D:10)
  3 two-headed ogres
  2 catoblepae
  4 orc high priests
  5 death yaks
  A tengu warrior (Gauntlet)
  Nergalle (Orc:1)
  An orc knight (Orc:2)
  A harpy (Lair:6)
  3 orc sorcerers
  2 cyclopes
  A worldbinder (Gauntlet)
  A deep elf mage (D:9)
  2 ugly things (D:11)
  13 elephants
  8 black mambas
  Joseph (D:8)
  A gargoyle (D:12)
  A torpor snail (Lair:4)
  7 cane toads
  Maggie (D:9)
  A kobold demonologist (D:12)
  6 rime drakes
  14 komodo dragons
  A freezing wraith (D:10)
  A tengu conjurer (Gauntlet)
  7 trolls
  5 slime creatures (D:12)
  5 polar bears
  35 blink frogs
  4 hornets
  5 flying skulls (Gauntlet)
  3 wyverns
  52 yaks
  6 basilisks
  3 fire elementals
  3 wargs
  Edmund (D:4)
  3 swamp worms (Gauntlet)
  2 hell hounds
  19 water moccasins
  20 orc warriors
  6 ice beasts
  4 sky beasts
  A swamp drake (D:10)
  3 phantoms
  3 boggarts (Gauntlet)
  7 centaurs
  2 eyes of draining (D:8)
  9 ogres
  A necrophage (D:10)
  3 wolves (Lair:1)
  5 big kobolds
  Blork the orc (D:6)
  15 bullfrogs
  A gnoll sergeant (D:11)
  7 scorpions
  4 killer bees
  4 howler monkeys
  A centaur zombie (D:11)
  3 bullfrog zombies
  Crazy Yiuf (D:4)
  32 orc priests
  4 bullfrog skeletons
  6 jellies
  3 centaur skeletons
  6 hounds
  Terence (D:3)
  6 iguanas
  25 orc wizards
  17 worker ants
  A hound zombie (D:5)
  5 gnolls
  13 adders
  3 white imps
  2 ufetubi
  2 adder zombies
  An adder skeleton (D:9)
  2 worms
  5 leopard geckos
  63 orcs
  2 giant cockroaches
  7 goblins
  11 hobgoblins
  A jackal (D:10)
  24 kobolds
  3 quokkas
  9 bats
  5 frilled lizards
  2 leopard gecko skeletons
  7 rats
629 creatures vanquished.

Vanquished Creatures (others)
  A hell hound (Orc:1)
  An orc warrior (D:10)
  A bush (Lair:5)
  58 fungi
  86 plants
  14 withered plants (Gauntlet)
161 creatures vanquished.

Grand Total: 790 creatures vanquished

Notes
Turn   | Place    | Note
-------+----------+-------------------------------------------
     0 | D:5      | Reached skill level 9 in Stealth
     0 | D:5      | lessens the Gnoll Delver began the quest for the Orb.
     0 | D:5      | Reached XP level 1. HP: 23/23 MP: 1/1
    20 | D:4      | Found an ancient bone altar of Kikubaaqudgha.
    64 | D:5      | Noticed a worker ant
   115 | D:5      | Noticed an orc wizard
   156 | D:4      | Noticed Edmund
   272 | D:3      | You fall into a shaft and drop 3 floors!
   273 | D:6      | Noticed an ice beast
   273 | D:6      | Noticed an ogre
   273 | D:6      | Noticed an ice beast
   273 | D:6      | Noticed an orc priest
   288 | D:6      | Noticed a bullfrog
   310 | D:6      | Killed a bullfrog
   311 | D:6      | Reached skill level 1 in Short Blades
   311 | D:6      | Reached skill level 1 in Long Blades
   311 | D:6      | Reached skill level 1 in Axes
   311 | D:6      | Reached skill level 1 in Polearms
   311 | D:6      | Reached skill level 1 in Staves
   311 | D:6      | Reached skill level 1 in Slings
   311 | D:6      | Reached skill level 1 in Bows
   311 | D:6      | Reached skill level 1 in Crossbows
   311 | D:6      | Reached skill level 1 in Throwing
   311 | D:6      | Reached skill level 1 in Armour
   311 | D:6      | Reached skill level 1 in Shields
   311 | D:6      | Reached skill level 1 in Unarmed Combat
   311 | D:6      | Reached skill level 1 in Spellcasting
   311 | D:6      | Reached skill level 1 in Invocations
   311 | D:6      | Reached skill level 1 in Evocations
   311 | D:6      | Reached XP level 2. HP: 12/29 MP: 1/3
   311 | D:6      | Reached XP level 3. HP: 14/35 MP: 1/4
   311 | D:6      | Reached XP level 4. HP: 17/41 MP: 1/5
   516 | D:5      | Found an ancient bone altar of Kikubaaqudgha.
   574 | D:5      | Reached skill level 1 in Conjurations
   574 | D:5      | Reached skill level 1 in Hexes
   574 | D:5      | Reached skill level 1 in Summonings
   574 | D:5      | Reached skill level 1 in Necromancy
   574 | D:5      | Reached skill level 1 in Translocations
   574 | D:5      | Reached skill level 1 in Transmutations
   574 | D:5      | Reached skill level 1 in Fire Magic
   574 | D:5      | Reached skill level 1 in Ice Magic
   574 | D:5      | Reached skill level 1 in Air Magic
   574 | D:5      | Reached skill level 1 in Earth Magic
   574 | D:5      | Reached skill level 1 in Poison Magic
   613 | D:5      | Reached XP level 5. HP: 46/47 MP: 5/7
   758 | D:5      | Reached XP level 6. HP: 33/53 MP: 8/8
   948 | D:4      | Noticed a phantom
  1083 | D:4      | Killed a phantom
  1084 | D:4      | Reached skill level 5 in Maces & Flails
  1084 | D:4      | Reached skill level 5 in Dodging
  1383 | D:4      | You fall into a shaft and drop 2 floors!
  1390 | D:6      | Noticed Blork the orc
  1829 | D:5      | Reached XP level 7. HP: 42/59 MP: 10/10
  2362 | D:4      | Killed Edmund
  2968 | D:5      | Reached skill level 10 in Stealth
  2991 | D:5      | Reached XP level 8. HP: 55/67 MP: 12/12
  3069 | D:5      | Found a stormy altar of Qazlal.
  3143 | D:5      | Found an iron altar of Okawaru.
  3149 | D:5      | Became a worshipper of Warmaster Okawaru
  3595 | D:3      | Noticed Terence
  3603 | D:3      | Killed Terence
  3963 | D:2      | Found an opulent altar of Gozag.
  5802 | D:3      | Found Zin's Purification Station.
  5802 | D:3      | Found a glowing silver altar of Zin.
  5901 | D:4      | Found a runed translucent door.
  5902 | D:4      | Noticed Crazy Yiuf
  5911 | D:4      | Killed Crazy Yiuf
  6022 | D:6      | Killed Blork the orc
  6231 | D:6      | Reached * piety under Okawaru
  6291 | D:6      | Found a white marble altar of Elyvilon.
  6329 | D:6      | Reached XP level 9. HP: 28/72 MP: 14/14
  7265 | D:7      | Found a staircase to the Ecumenical Temple.
  7490 | D:7      | Found a shimmering altar of Xom.
  7491 | D:7      | Found a hazy altar of Hepliaklqana.
  7492 | D:7      | Noticed a spectral ugly thing
  7507 | D:7      | Found a bloodstained altar of Trog.
  7692 | D:7      | Found a radiant altar of Vehumet.
  8053 | D:8      | Reached ** piety under Okawaru
  8120 | D:8      | Got a faintly humming scale mail
  8140 | D:8      | Identified the +6 scale mail of the End {rF+ rCorr} (You
                  | found it on level 8 of the Dungeon)
  8237 | D:8      | Noticed Joseph
  8248 | D:8      | Killed Joseph
  8249 | D:8      | Reached skill level 5 in Invocations
  8501 | D:8      | Reached XP level 10. HP: 80/80 MP: 15/17
  8516 | D:8      | Reached *** piety under Okawaru
  8733 | D:9      | Noticed an eight-headed hydra
  8760 | D:8      | Reached skill level 5 in Short Blades
  8760 | D:8      | Reached skill level 5 in Long Blades
  8760 | D:8      | Reached skill level 5 in Axes
  8760 | D:8      | Reached skill level 5 in Polearms
  8760 | D:8      | Reached skill level 5 in Staves
  8760 | D:8      | Reached skill level 5 in Slings
  8760 | D:8      | Reached skill level 5 in Bows
  8760 | D:8      | Reached skill level 5 in Crossbows
  8760 | D:8      | Reached skill level 5 in Throwing
  8760 | D:8      | Reached skill level 5 in Armour
  8760 | D:8      | Reached skill level 5 in Shields
  8760 | D:8      | Reached skill level 5 in Unarmed Combat
  8760 | D:8      | Reached skill level 5 in Spellcasting
  8760 | D:8      | Reached skill level 5 in Evocations
  8805 | D:9      | Found Wioll's Jewellery Emporium.
  8805 | D:9      | Noticed a deep elf mage
  8817 | D:9      | Noticed a smoke demon
  9162 | D:9      | Killed a deep elf mage
  9162 | D:9      | Reached **** piety under Okawaru
  9553 | D:9      | Killed an eight-headed hydra
  9553 | D:9      | Received a gift from Okawaru
  9554 | D:9      | Reached skill level 11 in Stealth
 10206 | D:9      | Reached XP level 11. HP: 81/87 MP: 19/19
 10344 | D:9      | Noticed a two-headed ogre
 10354 | D:9      | Killed a two-headed ogre
 10355 | D:9      | Reached skill level 5 in Conjurations
 10355 | D:9      | Reached skill level 5 in Hexes
 10355 | D:9      | Reached skill level 5 in Summonings
 10355 | D:9      | Reached skill level 5 in Necromancy
 10355 | D:9      | Reached skill level 5 in Translocations
 10355 | D:9      | Reached skill level 5 in Transmutations
 10355 | D:9      | Reached skill level 5 in Fire Magic
 10355 | D:9      | Reached skill level 5 in Ice Magic
 10355 | D:9      | Reached skill level 5 in Air Magic
 10355 | D:9      | Reached skill level 5 in Earth Magic
 10355 | D:9      | Reached skill level 5 in Poison Magic
 10360 | D:9      | Noticed Maggie
 10361 | D:9      | Received a gift from Okawaru
 10379 | D:9      | Killed Maggie
 10676 | D:9      | Received a gift from Okawaru
 10764 | D:9      | Found a shadowy altar of Dithmenos.
 11131 | D:9      | Found a blossoming altar of Fedhas.
 11243 | D:10     | Entered Level 10 of the Dungeon
 11243 | D:10     | Noticed Erica
 11276 | D:10     | Killed Erica
 11594 | D:6      | Got a crude long sword
 11595 | D:6      | Identified the cursed +0 long sword "Qilaus Utih" {venom,
                  | rPois rF+ Int-5} (You found it on level 6 of the Dungeon)
 11740 | D:10     | Reached ***** piety under Okawaru
 11878 | D:10     | Received a gift from Okawaru
 12011 | D:10     | Found a staircase to the Lair.
 12146 | D:10     | Received a gift from Okawaru
 12246 | D:10     | Noticed a yaktaur captain
 12309 | D:10     | Killed a yaktaur captain
 12617 | D:10     | Noticed a tengu reaver
 12638 | D:10     | Killed a tengu reaver
 12638 | D:10     | Received a gift from Okawaru
 12639 | D:10     | Reached XP level 12. HP: 58/96 MP: 22/22
 13050 | D:10     | Noticed a frost giant
 13077 | D:10     | Killed a frost giant
 13451 | D:10     | Noticed Fannar
 13621 | D:10     | Killed Fannar
 13661 | D:10     | Received a gift from Okawaru
 13874 | D:10     | Noticed a stone giant
 13890 | D:10     | Killed a stone giant
 13890 | D:10     | Reached ****** piety under Okawaru
 14093 | D:11     | Noticed a boulder beetle
 14093 | D:11     | Noticed a two-headed ogre
 14108 | D:11     | Killed a two-headed ogre
 14109 | D:11     | Reached skill level 10 in Fighting
 14124 | D:11     | Killed a boulder beetle
 14914 | D:11     | Reached skill level 12 in Stealth
 15140 | D:11     | Noticed a two-headed ogre
 15151 | D:11     | Killed a two-headed ogre
 15184 | D:11     | Reached XP level 13. HP: 86/103 MP: 24/24
 15189 | D:11     | Received a gift from Okawaru
 15203 | D:11     | Got a polished buckler {god gift}
 15209 | D:11     | Identified the +0 buckler of Noon {-Tele +Inv Str+2}
                  | (Okawaru gifted it to you on level 11 of the Dungeon)
 15456 | D:11     | Found Roulen's Distillery.
 15464 | D:11     | Bought a potion of invisibility for 104 gold pieces
 15464 | D:11     | Bought a potion of curing for 39 gold pieces
 16377 | D:12     | Noticed a storm dragon
 16396 | D:12     | Killed a storm dragon
 17086 | D:12     | Found Wucics's Weapon Shop.
 17094 | D:12     | Found a white marble altar of Elyvilon.
 17123 | D:12     | Found a staircase to the Orcish Mines.
 17811 | Lair:1   | Entered Level 1 of the Lair of Beasts
 18004 | Lair:1   | Found a shadowy altar of Dithmenos.
 19304 | Lair:2   | Found a hole to the Spider Nest.
 19648 | Lair:2   | Found a staircase to the Shoals.
 20698 | Lair:3   | Received a gift from Okawaru
 20942 | Lair:3   | Reached XP level 14. HP: 111/111 MP: 26/26
 20957 | Lair:3   | Noticed Ceyvaan's ghost (journeyman DEFE)
 21356 | Lair:3   | Found a runed translucent gate.
 21356 | Lair:3   | Found a runed translucent gate.
 21356 | Lair:3   | Found a runed translucent gate.
 21483 | Lair:3   | Reached skill level 10 in Maces & Flails
 21483 | Lair:3   | Reached skill level 10 in Dodging
 22379 | Lair:4   | Received a gift from Okawaru
 23451 | Lair:5   | Received a gift from Okawaru
 23794 | Lair:5   | Found a staircase to the Slime Pits.
 23798 | Lair:5   | Reached skill level 10 in Invocations
 23818 | Lair:5   | Found a viscous altar of Jiyva.
 23955 | Lair:5   | Received a gift from Okawaru
 24194 | Lair:6   | Entered Level 6 of the Lair of Beasts
 24597 | Lair:6   | Found a gate leading to a gauntlet.
 24605 | Gauntlet | Entered a Gauntlet
 24605 | Gauntlet | Found a transporter.
 24605 | Gauntlet | Found a transporter.
 24623 | Gauntlet | Found a transporter.
 24627 | Gauntlet | Found a transporter.
 24644 | Gauntlet | Found a transporter.
 24660 | Gauntlet | Found a transporter.
 24666 | Gauntlet | Found a transporter.
 24674 | Gauntlet | Found a transporter.
 24691 | Gauntlet | Found a transporter.
 24701 | Gauntlet | Found a transporter.
 24720 | Gauntlet | Found a transporter.
 24747 | Gauntlet | Found a transporter.
 24832 | Gauntlet | Got a translucent flail
 24834 | Gauntlet | Identified the +3 flail "Goblinslayer" {flame, +Rage} (You
                  | found it in a Gauntlet)
 25325 | Gauntlet | Identified the ring of Xutempoa {*Contam rElec Int-2 Dex+8
                  | SInv}
 25339 | Gauntlet | Reached skill level 13 in Stealth
 25344 | Gauntlet | Identified the Volume of Poisonous Clay
 25345 | Gauntlet | Got a sparkling jade ring
 25346 | Gauntlet | Identified the ring of Anarchy {+Fly rPois Stlth+} (You
                  | found it in a Gauntlet)
 26392 | Lair:6   | Reached XP level 15. HP: 96/119 MP: 28/28
 26507 | Lair:6   | Received a gift from Okawaru
 27626 | Lair:6   | Reached skill level 10 in Short Blades
 27626 | Lair:6   | Reached skill level 10 in Long Blades
 27626 | Lair:6   | Reached skill level 10 in Axes
 27626 | Lair:6   | Reached skill level 10 in Polearms
 27626 | Lair:6   | Reached skill level 10 in Staves
 27626 | Lair:6   | Reached skill level 10 in Slings
 27626 | Lair:6   | Reached skill level 10 in Bows
 27626 | Lair:6   | Reached skill level 10 in Crossbows
 27626 | Lair:6   | Reached skill level 10 in Throwing
 27626 | Lair:6   | Reached skill level 10 in Armour
 27626 | Lair:6   | Reached skill level 10 in Shields
 27626 | Lair:6   | Reached skill level 10 in Unarmed Combat
 27626 | Lair:6   | Reached skill level 10 in Spellcasting
 27626 | Lair:6   | Reached skill level 10 in Evocations
 27870 | Lair:6   | Received a gift from Okawaru
 28836 | Orc:1    | Entered Level 1 of the Orcish Mines
 28838 | Orc:1    | Noticed Nergalle
 28850 | Orc:1    | Received a gift from Okawaru
 28874 | Orc:1    | Killed Nergalle
 29225 | Orc:2    | Entered Level 2 of the Orcish Mines
 29225 | Orc:2    | Found a staircase to the Elven Halls.
 29377 | Orc:2    | Noticed Azrael
 29681 | Orc:1    | Killed Azrael
 30681 | Orc:2    | Received a gift from Okawaru
 31136 | Orc:2    | Noticed Donald
 31148 | Orc:2    | Mangled by Donald

Illustrated notes

Levels and vault maps discovered:
D:1:      arrival_aquarium_b, layout_loops_cross, chequers_avenue
D:2:      layout_basic, grunt_gozag_breadcrumbs
D:3:      layout_rooms, zin_purify, interstate_on_off, corexii_corridor_pit,
          uniq_terence
D:4:      lemuel_upstairs_altar, layout_basic, minmay_splitting_lines,
          uniq_edmund, uniq_crazy_yiuf_cottage
D:5:      layout_basic, old_standard_altar, nicolae_overflow_hidden_temple,
          lemuel_crystal_altar
D:6:      layout_rooms, lemuel_crystal_altar, uniq_blork_the_orc
D:7:      layout_gridville, regret_index_temple_of_mockery,
          nicolae_overflow_crystal_walls, vehumet_altar_wand_db,
          minmay_temple_entry_waves, moated_statue, minmay_misc_feat_chi
D:8:      layout_basic, uniq_joseph
D:9:      minmay_polygon_palace, layout_layer_cave, lemuel_round_altar,
          serial_shops, shop, fedhas_altar_4, uniq_maggie
D:10:     minmay_chopped_fan, layout_rooms, erik_lair_dragon, uniq_erica,
          uniq_fannar
D:11:     layout_loops_ring, serial_shops, shop, serial_aquarium,
          aquarium_bridge_straight [aquarium_subvault_bridge,
          aquarium_subvault_balcony, aquarium_subvault_bridge,
          aquarium_subvault_wall], aquarium_window_fake,
          aquarium_window_corridor_1, aquarium_window_fake, aquarium_view_2e,
          aquarium_balcony_double_2, aquarium_pool_1, minmay_misc_feat_columns,
          st_stairs_4
D:12:     kennysheep_scales, layout_basic, orc_0_dummy, basic_altar,
          serial_shops, kennysheep_mini
Lair:1:   layout_regular_city, basic_altar, infiniplex_staircase_pool,
          lemuel_fruit_tree, lemuel_fruit_fields
Lair:2:   layout_long_grid, elwin_shoals_entry_rocks,
          nicolae_spider_entry_non_spiders, st_stairs_13
Lair:3:   layout_regular_city, gammafunk_ghost_icy, lemuel_fruit_fields
Lair:4:   layout_roguey
Lair:5:   layout_long_grid, slime_altar_1, beast_lair_carwin_2
Lair:6:   gammafunk_lair_ancient_temple, layout_layer_cave,
          gauntlet_entry_generic, minmay_lair_oklob_chamber
Orc:1:    layout_caves, uniq_nergalle
Orc:2:    st_orc_mages, layout_caves, nooodl_orcs_dogs, uniq_donald, uniq_azrael

Skill      XL: |  1  2  3  4  5  6  7  8  9 10 11 12 13 14 15 |
---------------+----------------------------------------------+-----
Stealth        | 10 11 12 13 | 13.5
Short Blades   | 1 2 3 4 5 6 7 8 9 10 | 10.3
Long Blades    | 1 2 3 4 5 6 7 8 9 10 | 10.3
Axes           | 1 2 3 4 5 6 7 8 9 10 | 10.3
Polearms       | 1 2 3 4 5 6 7 8 9 10 | 10.3
Staves         | 1 2 3 4 5 6 7 8 9 10 | 10.3
Slings         | 1 2 3 4 5 6 7 8 9 10 | 10.3
Bows           | 1 2 3 4 5 6 7 8 9 10 | 10.3
Crossbows      | 1 2 3 4 5 6 7 8 9 10 | 10.3
Throwing       | 1 2 3 4 5 6 7 8 9 10 | 10.3
Armour         | 1 2 3 4 5 6 7 8 9 10 | 10.3
Shields        | 1 2 3 4 5 6 7 8 9 10 | 10.3
Unarmed Combat | 1 2 3 4 5 6 7 8 9 10 | 10.3
Spellcasting   | 1 2 3 4 5 6 7 8 9 10 | 10.3
Invocations    | 1 2 3 4 5 6 7 8 9 10 11 | 11.1
Evocations     | 1 2 3 4 5 6 7 8 9 10 | 10.3
Conjurations   | 1 2 3 4 5 6 7 8 |  8.7
Hexes          | 1 2 3 4 5 6 7 8 |  8.7
Summonings     | 1 2 3 4 5 6 7 8 |  8.7
Necromancy     | 1 2 3 4 5 6 7 8 |  8.7
Translocations | 1 2 3 4 5 6 7 8 |  8.7
Transmutations | 1 2 3 4 5 6 7 8 |  8.7
Fire Magic     | 1 2 3 4 5 6 7 8 |  8.7
Ice Magic      | 1 2 3 4 5 6 7 8 |  8.7
Air Magic      | 1 2 3 4 5 6 7 8 |  8.7
Earth Magic    | 1 2 3 4 5 6 7 8 |  8.7
Poison Magic   | 1 2 3 4 5 6 7 8 |  8.7
Maces & Flails | 5 6 7 8 9 10 11 | 11.2
Dodging        | 5 6 7 8 9 10 11 | 11.2
Fighting       | 7 8 9 10 11 12 | 12.0

Action                   |  1- 3 |  4- 6 |  7- 9 | 10-12 | 13-15 || total
-------------------------+-------+-------+-------+-------+-------++-------
Melee: Mace              |    10 |    99 |    30 |       |       ||   139
       Bite              |     4 |    13 |    52 |   110 |   265 ||   444
       Punch             |       |     2 |     8 |    44 |   133 ||   187
       Flail             |       |       |   385 |   472 |       ||   857
       Morningstar       |       |       |       |   268 |  1473 ||  1741
Throw: Dart              |       |       |       |       |    13 ||    13
Invok: Heroism           |       |       |       |    18 |    50 ||    68
Evoke: Wand              |     1 |     1 |     4 |    22 |    11 ||    39
       Phial of floods   |       |       |       |       |     1 ||     1
  Use: Scroll            |     2 |       |       |    11 |    20 ||    33
       Potion            |     1 |       |     1 |     1 |     5 ||     8
 Stab: Sleeping          |     1 |     5 |    39 |     9 |    29 ||    83
       Distracted        |       |     1 |     1 |       |     4 ||     6
Armor: Leather armour    |     2 |    12 |     3 |       |       ||    17
       Ring mail         |       |       |    66 |       |       ||    66
       Scale mail        |       |       |   115 |   324 |   728 ||  1167
Dodge: Dodged            |    10 |    73 |   308 |   641 |  1570 ||  2602
